[Event "*** Titled Tuesday Blitz"]
[Site "Chess.com"]
[Date "2020.04.14"]
[Round "4"]
[White "kungmongmanh"]
[Black "VitaliyBernadskiy"]
[Result "1-0"]
[WhiteElo "2566"]
[BlackElo "2759"]
[TimeControl "180+1"]
[EndTime "10:39:49 PDT"]
[Termination "kungmongmanh won by resignation"]

1. d4 Nf6 2. c4 g6 3. Nc3 Bg7 4. e4 O-O 5. Nf3 d6 6. Be2 e5 7. O-O Nc6 8. d5 Ne7 9. Ne1 Nd7 10.
Be3 f5 11. f3 f4 12. Bf2 g5 13. Nd3 Nf6 14. c5 Ng6 15. Rc1 Rf7 16. Nb5 a6 17. Na3 h5 18. cxd6 cxd6 19. Nc4 g4 20.
Nb6 g3 21. Nxa8 gxf2+ 22. Rxf2 Ne8 23. Qc2 Bd7 24. Nc7 Nxc7 25. Qxc7 Qf6 26. Qxb7 h4 27. Rc7 Be8 28. Rxf7 Bxf7 29. Qxa6 h3 30. Qc8+ Bf8 31. Qxh3 Qd8 32. Bf1 Qb6 33. b4 Be7 34. Qg4 Bd8 35. a4 Be8 36. g3 Kh7 37. a5 Qa7 38. Qc8 Qe7 39. a6 Bb6 40. Qb7 Ba7 41. Qxe7+ Nxe7 42. gxf4 Bb5 43. fxe5 dxe5 44. Kg2 Bxa6 45. Ra2 1-0

[Event "*** Titled Tuesday Blitz"]
[Site "Chess.com"]
[Date "2020.04.14"]
[Round "4"]
[White "fmshawnrl123"]
[Black "AustrianFalcon"]
[Result "1-0"]
[WhiteElo "2770"]
[BlackElo "2548"]
[TimeControl "180+1"]
[EndTime "10:39:49 PDT"]
[Termination "fmshawnrl123 won by checkmate"]

1. c4 g6 2. g3 Bg7 3. Bg2 d6 4.
Nc3 Nc6 5. Nf3 e5 6. O-O Nge7 7. Rb1 a5 8. a3 Be6 9. d3 h6 10. b4 axb4 11. axb4 O-O 12. b5 Nb8 13. Bb2 Nd7 14. Ra1 Rxa1 15. Qxa1 f5 16. Qa7 b6 17. Ra1 g5 18.
Nd2 h5 19. Nd5 Nxd5 20. cxd5 Bf7 21. Nc4 Nf6 22. Qb7 Qd7 23. Qc6 Qxc6 24. dxc6 Bxc4 25. dxc4 Kf7 26. Ra7 Rc8 27. c5 dxc5 28. Bxe5 Ne8 29. Bd5+ Kf8 30. Be6 Rd8 31. Bxc7 Rd1+ 32. Kg2 Nxc7 33.
Rxc7 Be5 34. Rf7+ Ke8 35. c7 Bxc7 36. Rxc7 Rd2 37. Bxf5 Rxe2 38. Bg6+ Kd8 39. Rc6 Rb2 40.
Rxb6 c4 41. Bxh5 c3 42. Bg6 c2 43. Rc6 Rxb5 44. Bxc2 Rc5 45. Rxc5 g4 46. Bd1 Ke7 47.
Bxg4 Kd6 48. Rg5 Ke7 49. h4 Kf6 50. Kh2 Ke7 51. Bf3 Kf6 52. Bh1 Kf7 53. Kg2 Kf6 54. f4 Kf7 55. h5 Kf6 56. h6 Kf7 57. h7 Kf6 58. h8=Q+ Kf7 59. Qh7+ Ke6 60. Qh6+ Ke7 61. Rg7+ Kf8 62. Qh8# 1-0

[Event "*** Titled Tuesday Blitz"]
[Site "Chess.com"]
[Date "2020.04.14"]
[Round "4"]
[White "przemekpiotrowski"]
[Black "KafkaesqueKnight"]
[Result "1-0"]
[WhiteElo "2400"]
[BlackElo "2137"]
[TimeControl "180+1"]
[EndTime "10:39:49 PDT"]
[Termination "przemekpiotrowski won on time"]

1. d4 Nf6 2. Nf3 g6 3. g3 Bg7 4.
Bg2 O-O 5. O-O d6 6. c4 Nbd7 7. Nc3 e5 8. e4 Re8 9. b3 exd4 10.
Nxd4 Nc5 11. Re1 Bg4 12. f3 Nfxe4 13. Nxe4 Nxe4 14. Bb2 Nc5 15. fxg4 Rxe1+ 16. Qxe1 Nd3 17. Qd2 Nxb2 18. Rf1 c6 19. g5 Qb6 20. Rf4 c5 21. Nb5 a6 22. Qxd6 Qxd6 23. Nxd6 Rd8 24. Nxf7 Rd1+ 25. Bf1 Bd4+ 26. Kg2 Rd2+ 27. Kh3 h5 28. Nh6+ Kh8 29. Rf8+ Kh7 30. Rf7+ Kh8 31. Bg2 Nd1 32.
g4 1-0

[Event "*** Titled Tuesday Blitz"]
[Site "Chess.com"]
[Date "2020.04.14"]
[Round "4"]
[White "ahappypawn"]
[Black "vanea_03"]
[Result "0-1"]
[WhiteElo "2324"]
[BlackElo "2617"]
[TimeControl "180+1"]
[EndTime "10:39:50 PDT"]
[Termination "vanea_03 won on time"]

1. c4 e5 2. Nc3 Nf6 3. g3 Bb4 4. Bg2 Bxc3 5. bxc3 O-O 6. e4 d6 7. Ne2 a6 8. O-O Be6 9. d3 b5 10. cxb5 axb5 11. Qc2 Nbd7 12. f4 Nb6 13. h3 Qc8 14. f5 Bd7 15. g4 c5 16. g5 Ne8 17. Ng3 c4 18. d4 Qc6 19. Qf2 Na4 20. Bd2 b4 21.
cxb4 c3 22. Be3 Nb2 23. Nh5 Nc4 24. dxe5 Nxe5 25. Bd4 Nc7 26. f6 g6 27. Nf4 Rfc8 28. Qh4 Qc4 29. Be3 Bc6 30. Qh6 Ne8 31. Rfd1 Bxe4 32.
Rxd6 Bxg2 33. Kxg2 Qe4+ 34. Kf2 Qf3+ 35. Kg1 Qxe3+ 36.
Kh1 Qxf4 0-1

[Event "*** Titled Tuesday Blitz"]
[Site "Chess.com"]
[Date "2020.04.14"]
[Round "4"]
[White "Andrei_Belozerov"]
[Black "BahadirOzen"]
[Result "0-1"]
[WhiteElo "2645"]
[BlackElo "2838"]
[TimeControl "180+1"]
[EndTime "10:39:52 PDT"]
[Termination "BahadirOzen won by checkmate"]

1. e4 e5 2. Nf3 Nc6 3. Bb5 Nf6 4.
O-O Nxe4 5. d4 Nd6 6. Bg5 Be7 7.
Bxe7 Qxe7 8. Bxc6 dxc6 9. dxe5 Nf5 10. Qd3 O-O 11. Nc3 Be6 12. Rad1 Rad8 13. Qe4 Rxd1 14. Rxd1 Rd8 15. h3 h6 16. Rxd8+ Qxd8 17. Kh2 Qd7 18. g4 Ne7 19. Nd4 Bd5 20. Qe3 c5 21. Nde2 b6 22. Nf4 Bc6 23. Kg3 Qd8 24. Qd3 Qc8 25.
a4 Qe8 26. b3 Nc8 27. Qe3 Qd8 28. Nfe2 Ne7 29. f4 Ng6 30. Kh2 Qe7 31. Ng3 Nh4 32.
Nf5 Nxf5 33. gxf5 Kf8 34. Kg3 Ke8 35. Qd3 f6 36. e6 g5 37. Nd5 gxf4+ 38. Nxf4 Qg7+ 39.
Ng6 h5 40. Qe3 h4+ 41. Kxh4 Qh7+ 42. Kg3 Qh5 43. Qf4 Qe2 44. Qg4 Qe1+ 45. Kf4 Qf2+ 46. Qf3 Qxf3# 0-1

[Event "*** Titled Tuesday Blitz"]
[Site "Chess.com"]
[Date "2020.04.14"]
[Round "4"]
[White "biesiadnik"]
[Black "BasilSmash"]
[Result "1-0"]
[WhiteElo "2586"]
[BlackElo "2378"]
[TimeControl "180+1"]
[EndTime "10:39:52 PDT"]
[Termination "biesiadnik won on time"]

1. e4 c6 2. Nf3 d5 3. Nc3 Bg4 4. h3 Bxf3 5. Qxf3 Nf6 6. e5 Nfd7 7. d4 e6 8. Ne2 c5 9. c3 Nc6 10. a3 Qb6 11. Qe3 a5 12. g3 a4 13. Bg2 Na5 14. O-O Be7 15. Nf4 Nb3 16. Rb1 cxd4 17. cxd4 Qxd4 18.
Qe2 O-O 19. Re1 Rfc8 20. Be3 Qxe5 21. Qb5 Nf6 22. Qxb7 Qc7 23. Qb5 Qa5 24. Qd3 Bc5 25.
Rbd1 Bxe3 26. Qxe3 Qc5 27. Qe2 Qc2 28. Qe5 Rab8 29. g4 h6 30. Nd3 Nc5 31. Nb4 Qg6 32. Rc1 Nce4 33. Qd4 Ra8 34. Nd3 Nd6 35. Ne5 Qh7 36.
Qb6 1-0

[Event "*** Titled Tuesday Blitz"]
[Site "Chess.com"]
[Date "2020.04.14"]
[Round "4"]
[White "Vice64"]
[Black "Misticpikachu"]
[Result "1/2-1/2"]
[WhiteElo "2468"]
[BlackElo "2295"]
[TimeControl "180+1"]
[EndTime "10:39:52 PDT"]
[Termination "Game drawn by repetition"]

1. e4 c5 2. Nf3 Nc6 3. d4 cxd4 4. Nxd4 Nf6 5. Nc3 e6 6. Ndb5 Bb4 7. a3 Bxc3+ 8. Nxc3 d5 9. Bd3 dxe4 10. Nxe4 Nxe4 11. Bxe4 Qxd1+ 12. Kxd1 O-O 13. Be3 Rd8+ 14. Bd3 Ne5 15. Ke2 Nxd3 16. cxd3 b6 17. d4 Ba6+ 18. Kf3 Rac8 19.
Rac1 Rxc1 20. Rxc1 Rc8 21. Rc3 Rxc3 22. bxc3 Kf8 23. g4 Ke7 24. h4 Bc4 25. Ke4 Bd5+ 26. Ke5 f6+ 27. Kf4 b5 28. Kg3 a6 29. Bf4 Kd7 30.
Bb8 Bc4 31. Kf4 Bd5 32. Ke3 g6 33. Ba7 f5 34. Kf4 fxg4 35. Kxg4 h5+ 36. Kg5 Be4 37. Kf6 Bf5 38. Ke5 Kc6 39. Bc5 Bg4 40. Bb4 Bf5 41. a4 bxa4 42. c4 Bg4 43. Ba3 Be2 44.
d5+ exd5 45. cxd5+ Kb5 46. Kd4 Bg4 47. Bd6 Kb6 48. Bc5+ Kb5 49. Ba3 Kb6 50. Ke5 Kb5 51.
Kd4 Kb6 52. Kc4 Be2+ 53. Kb4 Bd1 54. d6 Kc6 55. Ka5 Kd7 56. Kxa6 Bb3 57. Kb5 Bc2 58.
Kc5 Bb3 59. Kb4 Bc2 60. Kc3 Bb3 61. Bb4 Be6 62. Kd4 Bf5 63. Ba3 Bc2 64. Ke5 Bf5 65. Kf6 Bc2 66. Ke5 Bf5 67. f3 Bb1 68. f4 Bf5 69. Kf6 Bb1 70. Bb2 Bf5 71. Ba3 Bb1 72.
Ke5 Bf5 73. Kf6 1/2-1/2

[Event "*** Titled Tuesday Blitz"]
[Site "Chess.com"]
[Date "2020.04.14"]
[Round "4"]
[White "BlackWidow515"]
[Black "LordIron"]
[Result "0-1"]
[WhiteElo "1950"]
[BlackElo "2214"]
[TimeControl "180+1"]
[EndTime "10:39:52 PDT"]
[Termination "LordIron won on time"]

1. e4 c5 2. Nf3 d6 3. d4 Nf6 4.
Nc3 cxd4 5. Nxd4 a6 6. Be2 e5 7. Nf3 Be7 8. Be3 O-O 9. O-O Be6 10. Qd2 h6 11. Rfd1 Nbd7 12. a4 Rc8 13. h3 Qa5 14. Bd3 Nc5 15. Bxc5 Rxc5 16. Ne2 Qxd2 17. Nxd2 Rfc8 18.
c4 R5c7 19. b3 Nd7 20. Nc3 Bg5 21. Nf3 Be7 22. Nd5 Bxd5 23. exd5 g6 24. g4 a5 25.
Nd2 Nc5 26. Bc2 Bg5 27. Ne4 Nxe4 28. Bxe4 Rf8 29. Rd3 f5 30. Bg2 e4 31. Rdd1 Kf7 32. Ra2 Kf6 33. Re2 Ke5 34. Rde1 Rcf7 35. f3 e3 36. h4 Bf4 37. Bh3 fxg4 38. Bxg4 h5 39. Bh3 Kd4 40. Rd1+ Kc5 41. Be6 Rf6 42. Rd3 Be5 43.
Kf1 Bd4 44. Ke1 Rxf3 45. Kd1 Rf1+ 46. Kc2 R8f2 0-1

[Event "*** Titled Tuesday Blitz"]
[Site "Chess.com"]
[Date "2020.04.14"]
[Round "4"]
[White "XDPS"]
[Black "CaspiIsrael"]
[Result "1-0"]
[WhiteElo "2736"]
[BlackElo "2534"]
[TimeControl "180+1"]
[EndTime "10:39:53 PDT"]
[Termination "XDPS won on time"]

1. Nf3 f5 2. d3 Nc6 3. e4 e5 4. Nc3 Nf6 5. Bg5 d6 6. d4 fxe4 7.
Nxe4 Be7 8. Bxf6 Bxf6 9. d5 Ne7 10. Bd3 O-O 11. c4 Kh8 12. Qc2 c6 13. dxc6 bxc6 14. O-O-O d5 15. Nxf6 gxf6 16. Bxh7 f5 17. Nxe5 Kxh7 18.
g4 Qd6 19. f4 Qh6 20. g5 Qh4 21. Rdf1 Be6 22. Kb1 dxc4 23. Rhg1 Bd5 24. Ka1 Ng6 25. Nxc4 Rae8 26. Nd6 Be4 27. Nxe4 Rxe4 28. Qxc6 Rf7 29. Rd1 Qxf4 30. h4 Rc4 31. Qd5 Rfc7 32. Rb1 Nxh4 33. Qe6 R4c6 34. Qe8 Kg7 35. a3 Qe4 36. Qd8 Qe7 37.
Qd4+ Kg6 38. Qxh4 Qh7 39. Qf2 Qg7 40. Rgf1 Rc5 41. Qe2 Re5 42. Qh2 Re3 43. Qd6+ Kh7 44. Rh1+ Kg8 45. Qd8+ 1-0

[Event "*** Titled Tuesday Blitz"]
[Site "Chess.com"]
[Date "2020.04.14"]
[Round "4"]
[White "731291"]
[Black "AlanZhang"]
[Result "1-0"]
[WhiteElo "2599"]
[BlackElo "2178"]
[TimeControl "180+1"]
[EndTime "10:39:53 PDT"]
[Termination "731291 won on time"]

1. d4 Nf6 2. Nf3 d5 3. c4 e6 4. g3 dxc4 5. Bg2 c6 6. a4 b5 7. Ne5 Nd5 8. O-O Bb7 9. b3 c3 10.
e4 Nb4 11. Nxc3 a6 12. d5 cxd5 13. exd5 Nxd5 14. Nxd5 Bxd5 15. Bxd5 Qxd5 16. Qxd5 exd5 17. axb5 Bd6 18. Nf3 Nd7 19. Rd1 Ke7 20. Re1+ Kd8 21. Rd1 Ke7 22. bxa6 Nc5 23. Ba3 Nxb3 24. Bxd6+ Kxd6 25. Ra3 Nc5 26. a7 Rhc8 27. Nd4 Nd7 28. Ra5 Nb6 29. Nf5+ Kc6 30. Nxg7 Kb7 31. Nf5 Rc6 32.
Rda1 d4 33. Nxd4 Rd6 34. Nf5 Rc6 35. Ne3 Re6 36. Kg2 Nc8 37. Rf5 Rb6 38. Rxf7+ Kc6 39. Rxh7 Kb5 40. Nd5 Rd6 41. Nc7+ Kc6 42. Nxa8 1-0

[Event "*** Titled Tuesday Blitz"]
[Site "Chess.com"]
[Date "2020.04.14"]
[Round "4"]
[White "TheoSlade"]
[Black "Chigorinetz"]
[Result "1/2-1/2"]
[WhiteElo "2274"]
[BlackElo "2450"]
[TimeControl "180+1"]
[EndTime "10:39:53 PDT"]
[Termination "Game drawn by repetition"]

1. d4 d5 2. c4 Nc6 3. cxd5 Qxd5 4. e3 e5 5. Nc3 Bb4 6. a3 Bxc3+ 7. bxc3 Qd6 8. a4 Nge7 9. Ba3 Qg6 10. d5 Nb8 11. Ne2 Nd7 12. c4 Nf5 13. e4 Nd6 14. Bxd6 cxd6 15. Ng3 Nc5 16. Bd3 Bd7 17. O-O O-O 18. a5 Rac8 19. Nf5 Bxf5 20. exf5 Qf6 21. Qe2 Rc7 22. Rae1 Re8 23. f3 Qd8 24. Be4 Nd7 25. Rb1 Qc8 26. Rb4 Rc5 27. Rfb1 Rxa5 28. Rxb7 Nc5 29.
R7b5 Rxb5 30. cxb5 Qc7 31. Qe3 f6 32. Ra1 Rb8 33.
Qa3 Qb6 34. Kh1 Nxe4 35. fxe4 Qxb5 36. Qxa7 Qb1+ 37. Rxb1 Rxb1+ 38. Qg1 Rxg1+ 39. Kxg1 Kf7 40. Kf2 Ke7 41. Ke3 Kd7 42. Kd3 Kc7 43. Kc4 Kb6 44. Kb4 Ka6 45. Ka4 Kb6 46. Kb4 g5 47. fxg6 hxg6 48.
h4 Kc7 49. g4 Kd7 50. Kb5 Ke7 51. Kc4 Kf8 52. Kd3 Kg7 53. g5 f5 54. exf5 gxf5 55.
h5 Kh7 56. Ke3 Kg7 57. Kf3 Kf7 58. Kg3 Ke7 59. Kh4 Kf7 60. Kg3 Kg7 61. Kf3 Kf7 62. Ke3 Kg7 63. Kf3 1/2-1/2

[Event "*** Titled Tuesday Blitz"]
[Site "Chess.com"]
[Date "2020.04.14"]
[Round "4"]
[White "claudyna16"]
[Black "1977Ivan"]
[Result "1-0"]
[WhiteElo "2538"]
[BlackElo "2686"]
[TimeControl "180+1"]
[EndTime "10:39:54 PDT"]
[Termination "claudyna16 won on time"]

1. c4 e5 2. g3 Nf6 3. Bg2 h6 4. e3 c6 5. d4 e4 6. d5 cxd5 7. cxd5 Bb4+ 8. Nc3 Bxc3+ 9. bxc3 O-O 10. Ne2 Re8 11.
O-O d6 12. h3 Nbd7 13. f4 exf3 14. Bxf3 Nc5 15. Bg2 Bd7 16. c4 Rc8 17. Bb2 Nce4 18.
Rc1 Qa5 19. a3 Qa4 20. Qxa4 Bxa4 21. Bd4 Bb3 22. Nc3 Bxc4 23. Nxe4 Nxe4 24. Rf4 Nxg3 25. Kf2 Ne2 26. Rxc4 Nxf4 27. Rxc8 Rxc8 28. exf4 Rc4 29.
Ke3 Ra4 30. Bb2 Kf8 31. Bf1 a6 32. Bd3 b5 33. Bc2 Rc4 34. Bb3 Rc7 35. Kd3 g6 36. Bf6 Rc1 37. a4 bxa4 38. Bxa4 Rh1 39. Bd7 Ra1 40.
Bxa1 1-0

[Event "*** Titled Tuesday Blitz"]
[Site "Chess.com"]
[Date "2020.04.14"]
[Round "4"]
[White "TheCount"]
[Black "PawnEatingZombie"]
[Result "1-0"]
[WhiteElo "2599"]
[BlackElo "2145"]
[TimeControl "180+1"]
[EndTime "10:39:54 PDT"]
[Termination "TheCount won on time"]

1. Nf3 d5 2. g3 e6 3. Bg2 b5 4. O-O Bb7 5. a4 b4 6. d4 Nf6 7. Ne5 c5 8. c4 Nbd7 9. Bf4 Be7 10. a5 a6 11. Qa4 O-O 12. Nc6 Bxc6 13. Qxc6 cxd4 14.
cxd5 Nxd5 15. Bxd5 exd5 16. Qxd5 Nc5 17. Qxd8 Rfxd8 18.
Nd2 d3 19. Rfe1 Bf6 20. Nc4 Nb3 21. Rab1 g5 22. Be3 Rac8 23. exd3 Rxd3 24. Nb6 Rc2 25. Rbd1 Rxd1 26. Rxd1 Rxb2 27. Nd5 Bc3 28. Bxg5 Nxa5 29. Nxc3 bxc3 30. Bf6 h5 31. Bxc3 Ra2 32. Rd8+ Kh7 33.
Rd5 Nc4 34. Rxh5+ Kg6 35. Rc5 Nd2 36. Bxd2 Rxd2 37. Rc6+ f6 38. Rxa6 Kg5 39. Ra4 f5 40.
h4+ Kg6 41. Kg2 1-0

[Event "*** Titled Tuesday Blitz"]
[Site "Chess.com"]
[Date "2020.04.14"]
[Round "4"]
[White "DucksParadise"]
[Black "kleopl"]
[Result "0-1"]
[WhiteElo "2108"]
[BlackElo "2394"]
[TimeControl "180+1"]
[EndTime "10:39:54 PDT"]
[Termination "kleopl won by resignation"]

1. e4 d5 2. exd5 Qxd5 3. Nc3 Qd6 4. d4 Nf6 5. Nge2 Bg4 6. f3 Bf5 7. g4 Bg6 8. Bf4 Qb6 9. g5 Nh5 10. Be3 Qa5 11. Qd2 c6 12. Ng3 Nxg3 13. hxg3 e6 14. Bd3 Bxd3 15. Qxd3 g6 16. Bd2 Qf5 17. Ne4 Be7 18. c4 e5 19. d5 Na6 20. d6 O-O-O 21. Qa3 Bf8 22. c5 Nxc5 23. Qxc5 Qxf3 24. Nf2 Bxd6 25.
Qe3 Qd5 26. O-O-O Qxa2 27. Qe4 Qa1+ 28. Qb1 Qa6 29. Bc3 Bc5 30. Ne4 Be3+ 31. Bd2 Bd4 32. Qc2 Qa1+ 33. Qb1 Qa6 34. Bc3 Rhe8 35. Nf6 Re6 36.
Bxd4 exd4 37. Qd3 Qa1+ 38. Qb1 Qa4 39. Qc2 Qa1+ 40. Qb1 Qa5 41. Qc2 Qxg5+ 42. Qd2 Qxf6 0-1

[Event "*** Titled Tuesday Blitz"]
[Site "Chess.com"]
[Date "2020.04.14"]
[Round "4"]
[White "mishanick"]
[Black "okriak"]
[Result "0-1"]
[WhiteElo "2996"]
[BlackElo "2787"]
[TimeControl "180+1"]
[EndTime "10:39:55 PDT"]
[Termination "okriak won on time"]

1. d4 d5 2. Nf3 e6 3. c4 c6 4. Nbd2 Nf6 5. g3 c5 6. cxd5 Nxd5 7. Bg2 Nc6 8. O-O cxd4 9. Nc4 Bc5 10. a3 a6 11. b4 Ba7 12. Bb2 Nf6 13. Qd3 O-O 14.
Rfd1 b5 15. Nce5 Bb7 16. Nxc6 Bxc6 17. Bxd4 Bxd4 18. Nxd4 Bxg2 19. Kxg2 Qd5+ 20. Qf3 Rac8 21. Rd3 Rfd8 22. Rad1 Qxf3+ 23. exf3 Rd5 24. Nb3 Kf8 25. f4 g6 26. h3 h5 27. Kf3 Ke7 28. g4 hxg4+ 29.
hxg4 Rc4 30. Nd4 Nd7 31. Ne2 Rxd3+ 32. Rxd3 g5 33. Re3 gxf4 34. Nxf4 Nb6 35. Kg3 Rd4 36. Ne2 Rd1 37. Nc3 Rg1+ 38. Kf3 Rc1 39. Ne4 Nc4 40. Re2 Ra1 41. Nc5 Rxa3+ 42. Kg2 a5 43.
bxa5 Rxa5 44. Re4 Nd6 45. Rb4 Ra2 46. Kg3 Rc2 0-1

[Event "*** Titled Tuesday Blitz"]
[Site "Chess.com"]
[Date "2020.04.14"]
[Round "4"]
[White "gixfantastix"]
[Black "mjray79"]
[Result "0-1"]
[WhiteElo "2085"]
[BlackElo "2251"]
[TimeControl "180+1"]
[EndTime "10:39:55 PDT"]
[Termination "mjray79 won on time"]

1. d4 Nf6 2. Nf3 g6 3. g3 Bg7 4. Bg2 O-O 5. O-O d6 6. c4 Nc6 7.
d5 Nb8 8. Qc2 Nbd7 9. Nc3 Nc5 10. e4 a5 11. Bd2 e5 12. Rae1 Nh5 13. Nb5 f5 14. Bg5 Nf6 15. Nd2 h6 16. Be3 b6 17.
Bxc5 bxc5 18. Kh1 f4 19. gxf4 exf4 20. e5 dxe5 21. d6 Bf5 22. Qa4 cxd6 23. Bxa8 Qxa8+ 24. f3 Rd8 25. Nb3 Ng4 26. Qxa5 Ne3 27. Rf2 Nxc4 28. Qxa8 Rxa8 29. a3 Rb8 30. a4 Bd7 31. Rc1 Bxb5 32. axb5 Rxb5 33. Rxc4 Rxb3 34. Rd2 Bf8 35. Kg2 Kf7 36. Ra4 Ke6 37. Ra8 Be7 38. Rh8 h5 39. Rg8 Kf7 40. Rc8 g5 41. Rc7 Ke6 42. Ra7 g4 43. fxg4 hxg4 44. Rd1 Rxb2+ 45. Kg1 f3 0-1

[Event "*** Titled Tuesday Blitz"]
[Site "Chess.com"]
[Date "2020.04.14"]
[Round "4"]
[White "Evgeny81"]
[Black "DanielRensch"]
[Result "1-0"]
[WhiteElo "2721"]
[BlackElo "2529"]
[TimeControl "180+1"]
[EndTime "10:39:56 PDT"]
[Termination "Evgeny81 won on time"]

1. d4 Nf6 2. c4 e6 3. Nc3 Bb4 4. e3 O-O 5. Bd3 c5 6. Nf3 Nc6 7. O-O Bxc3 8. bxc3 d6 9. e4 e5 10. d5 Ne7 11. Nh4 Re8 12. g3 Ng6 13. Nf5 Bxf5 14.
exf5 Nf8 15. g4 e4 16. Bc2 N6d7 17. Bf4 Ne5 18. Bxe4 Nxg4 19. Bg2 Ne5 20. Qh5 Nfd7 21. Kh1 Qa5 22. Qh3 Qa4 23. Rg1 Qxc4 24. Qg3 f6 25.
Rae1 Re7 26. Re4 Qxa2 27. Bh6 Kh8 28. Be3 Qxd5 29. Rh4 Qg8 30. Qh3 Nf8 31. c4 a5 32.
Bd5 Nf7 33. Bf4 a4 34. Bxd6 Rd7 35. Bxc5 Rxd5 36. cxd5 Ng5 37. Qg2 Nd7 38. f4 Nxc5 39. fxg5 fxg5 40. Rg4 h6 41. h4 gxh4 42. Rxg7 Qf8 43.
Qg6 1-0

[Event "*** Titled Tuesday Blitz"]
[Site "Chess.com"]
[Date "2020.04.14"]
[Round "4"]
[White "Angel_Hranitel_37"]
[Black "124chess"]
[Result "0-1"]
[WhiteElo "2371"]
[BlackElo "2623"]
[TimeControl "180+1"]
[EndTime "10:39:56 PDT"]
[Termination "124chess won by resignation"]

1. d4 d5 2. c4 c6 3. cxd5 cxd5 4. Bg5 Nc6 5. Nc3 f6 6. Bd2 e6 7. e4 Bb4 8. exd5 exd5 9. Bb5 Ne7 10. Nf3 O-O 11.
O-O Bg4 12. Be3 Kh8 13. h3 Bh5 14. Bd3 Rc8 15. Rc1 Bd6 16. Bb1 Bb8 17. Qd3 Bg6 18. Qe2 Re8 19. Qd2 Qd6 20. Bxg6 Nxg6 21. Nb5 Qd7 22.
Rfe1 a6 23. Nc3 Qd6 24. Na4 Re7 25. Rc5 Ba7 26. Rc2 Rce8 27. Nc5 f5 28. Bg5 Rxe1+ 29.
Nxe1 Nxd4 30. Nxb7 Qb8 31. Rc1 Ne2+ 32. Kf1 Nxc1 33.
Nd8 Re2 34. Qxd5 Rxf2+ 0-1

[Event "*** Titled Tuesday Blitz"]
[Site "Chess.com"]
[Date "2020.04.14"]
[Round "4"]
[White "pitopisback"]
[Black "ItalianMachine"]
[Result "1/2-1/2"]
[WhiteElo "2127"]
[BlackElo "2276"]
[TimeControl "180+1"]
[EndTime "10:39:56 PDT"]
[Termination "Game drawn by agreement"]

1. d4 Nf6 2. c4 e5 3. dxe5 Ng4 4. e4 Nxe5 5. f4 Nec6 6. Be3 g6 7. Nc3 Bg7 8. Nf3 d6 9. Bd3 O-O 10. O-O Bg4 11. h3 Bxf3 12. Qxf3 Nd4 13. Qf2 c5 14. Rad1 Nbc6 15. Bb1 Re8 16. a3 a6 17. Nd5 b5 18.
cxb5 axb5 19. f5 Ra7 20. f6 Bf8 21. Qh4 Re5 22. g4 h5 23. Rf2 Ne6 24. Nf4 g5 25.
Nxe6 gxh4 26. Nxd8 Nxd8 27. Bf4 Re6 28. g5 Nc6 29. Rfd2 Ne5 30. Bxe5 Rxe5 31. Rd5 Re6 32. Kf2 Ra4 33. Kf3 b4 34. Bc2 b3 35. Bd3 c4 36.
Bb1 c3 37. bxc3 Rxa3 38. e5 Rxe5 39. Rxe5 dxe5 40. Rd8 b2 41. Rb8 Rxc3+ 42. Ke4 Rc4+ 43. Kxe5 Rb4 44. Rxb4 Bxb4 45. Kf5 Bd2 46. g6 fxg6+ 47. Kxg6 Kf8 48. Ba2 Be1 49. Kxh5 Bc3 50. Kg6 Bd4 51. Bb1 Bc3 1/2-1/2

[Event "*** Titled Tuesday Blitz"]
[Site "Chess.com"]
[Date "2020.04.14"]
[Round "4"]
[White "MrChessSponge"]
[Black "Promacherr"]
[Result "0-1"]
[WhiteElo "2402"]
[BlackElo "2607"]
[TimeControl "180+1"]
[EndTime "10:39:57 PDT"]
[Termination "Promacherr won by checkmate"]

1. d4 Nf6 2. Nf3 d5 3. c4 c6 4. e3 Bf5 5. Nc3 e6 6. Qb3 Qc7 7. Nh4 Bg6 8. Nxg6 hxg6 9. g3 Nbd7 10. Bd2 a5 11. Rc1 Bb4 12. cxd5 exd5 13. Nxd5 Nxd5 14. Qxd5 Bxd2+ 15. Kxd2 O-O 16. Bd3 a4 17. h4 Nf6 18.
Qc4 Qa5+ 19. Qc3 Qb6 20. Kc2 Nd5 21. Qd2 Rfd8 22. Kb1 a3 23. b3 Nf6 24. Qc2 Ra5 25.
Bc4 Kf8 26. h5 Rxh5 27. Rxh5 gxh5 28. g4 hxg4 29. Rh1 g6 30. Qc1 Ne4 31. Rh8+ Kg7 32. Rxd8 Qxd8 33. Qc2 f5 34. Bd3 Nf6 35. Qc5 Nd5 36. Bc4 Nc3+ 37. Kc2 Ne4 38. Qxa3 Qh4 39. Qa7 Qxf2+ 40. Kb1 Nc3+ 41. Kc1 Qxe3+ 42. Kc2 Ne4 43. Qxb7+ Kh6 44. Qxc6 Qc3+ 45. Kb1 Nd2# 0-1

[Event "*** Titled Tuesday Blitz"]
[Site "Chess.com"]
[Date "2020.04.14"]
[Round "4"]
[White "asimali1977"]
[Black "arjwezhrtdrz"]
[Result "1-0"]
[WhiteElo "1981"]
[BlackElo "2199"]
[TimeControl "180+1"]
[EndTime "10:39:57 PDT"]
[Termination "asimali1977 won by resignation"]

1. Nf3 d6 2. g3 c6 3. Bg2 Nf6 4. O-O Nbd7 5. d3 e5 6. e4 Be7 7. Nbd2 O-O 8. Re1 a5 9. c3 Qc7 10. b3 Nc5 11. Qc2 Re8 12. Bb2 h6 13. d4 Ncd7 14. a3 Nf8 15. b4 Ng6 16. c4 Bg4 17. h3 Bxf3 18. Nxf3 axb4 19. axb4 Bf8 20. c5 exd4 21. Nxd4 dxc5 22. bxc5 Nd7 23. Nf5 Rxa1 24. Rxa1 Nxc5 25. Bxg7 Bxg7 26. Nxg7 Kxg7 27. Qxc5 Qe5 28. Qxe5+ Nxe5 29. Rb1 Rb8 30. f4 Nd7 31. e5 Kf8 32. Kf2 Ke7 33. Ke3 Kd8 34. Ke4 Kc7 35. Kf5 Ra8 36. g4 Ra2 37. Be4 Rf2 38. h4 b5 39.
g5 hxg5 40. Kxg5 Kb6 41. h5 c5 42. h6 Rh2 43. Rh1 Rxh1 44. Bxh1 Nf8 45. Be4 c4 46. Kf6 1-0

[Event "*** Titled Tuesday Blitz"]
[Site "Chess.com"]
[Date "2020.04.14"]
[Round "4"]
[White "katchesskat"]
[Black "Hadza_3"]
[Result "0-1"]
[WhiteElo "2147"]
[BlackElo "2401"]
[TimeControl "180+1"]
[EndTime "10:39:58 PDT"]
[Termination "Hadza_3 won on time"]

1. c4 e5 2. e3 Nc6 3. a3 a6 4. Qc2 Bc5 5. b4 Ba7 6. Bb2 d6 7. d4 exd4 8. b5 axb5 9. cxb5 dxe3 10. bxc6 exf2+ 11. Kd1 fxg1=Q 12. Rxg1 Bxg1 13. Bxg7 Bg4+ 14. Be2 Bxe2+ 15. Qxe2+ Qe7 16. Bxh8 bxc6 17. Qg4 Nh6 18. Qf4 Be3 19. Qf3 d5 20. Nc3 Kd7 21. Bf6 Qe6 22.
h3 d4 23. Ne4 Qb3+ 24. Ke1 Qb2 25. Rd1 Rxa3 26. Nc5+ Kc8 27. Nd3 Qc3+ 28. Kf1 Qc4 29. Qe4 Rb3 30. Qe8+ Kb7 31. Qe4 Ng8 32. Be5 Ne7 33.
Ke2 f5 34. Qh4 Qc2+ 35. Kf3 Qxd1+ 0-1

[Event "*** Titled Tuesday Blitz"]
[Site "Chess.com"]
[Date "2020.04.14"]
[Round "4"]
[White "BogdanDeac"]
[Black "Khamrakulov_Djurabek"]
[Result "1-0"]
[WhiteElo "2739"]
[BlackElo "2898"]
[TimeControl "180+1"]
[EndTime "10:39:59 PDT"]
[Termination "BogdanDeac won by resignation"]

1. Nf3 d5 2. d4 Nf6 3. c4 e6 4.
Nc3 c5 5. cxd5 exd5 6. g3 Nc6 7.
Bg2 cxd4 8. Nxd4 Bc5 9. Nb3 Bb4 10. O-O Be6 11. Bg5 Bxc3 12. bxc3 O-O 13. Nc5 b6 14. Nxe6 fxe6 15. e4 Ne7 16. exd5 exd5 17. c4 dxc4 18. Bxa8 Qxd1 19. Raxd1 Rxa8 20. Bxf6 gxf6 21. Rfe1 Ng6 22. f4 Rc8 23. Rd7 a6 24. Rd6 b5 25. Rxa6 f5 26. Rb6 Rc5 27. Rb1 c3 28.
R6xb5 c2 29. Rb8+ Kf7 30. Rc1 Ne7 31. Rb2 Nd5 32. Rcxc2 Ra5 33. Rb7+ Kg6 34. Rc6+ Kh5 35. h3 h6 36. Rh7 Nxf4 37. Rhxh6+ Kg5 38. gxf4+ Kxf4 39. Rc2 Kg5 40. Rhc6 Ra3 41. Rg2+ Kf4 42. Rf2+ Ke5 43.
Kh2 Ra4 44. Rc5+ Ke6 45. Rcxf5 Ra3 46. R5f3 Ra8 47. Rg3 Ke5 48. Re3+ Kd4 49. Rfe2 Ra5 50. Rb3 Kc4 51. Rd2 Ra8 52. Rb1 Kc3 53. Rbb2 Ra4 54. Rbc2+ Kb4 55. Rd4+ 1-0

[Event "*** Titled Tuesday Blitz"]
[Site "Chess.com"]
[Date "2020.04.14"]
[Round "4"]
[White "Anton_Demchenko"]
[Black "afgano29"]
[Result "1-0"]
[WhiteElo "2940"]
[BlackElo "2705"]
[TimeControl "180+1"]
[EndTime "10:39:59 PDT"]
[Termination "Anton_Demchenko won on time"]

1. d4 Nf6 2. Nf3 g6 3. Bf4 d6 4. c3 Bg7 5. Nbd2 O-O 6. e4 Nbd7 7. Be2 Re8 8. h3 e5 9. dxe5 dxe5 10. Be3 Qe7 11. Qc2 c6 12. a4 Nh5 13. g3 Nc5 14.
Nh2 Nf6 15. b4 Ne6 16. Nc4 Nc7 17. Bc5 Qe6 18. Nd6 Rf8 19. Nf3 b6 20. Bc4 Ncd5 21.
exd5 cxd5 22. Ng5 Qd7 23. Bb5 Qc7 24. Ne8 Rxe8 25. Bxe8 Nxe8 26. Be3 Bf5 27. Qd2 Nd6 28. O-O Nc4 29. Qxd5 Rd8 30. Qf3 h6 31. Ne4 Bxh3 32.
Rfd1 Bf5 33. g4 Nxe3 34. Rxd8+ Qxd8 35. fxe3 Be6 36. Rf1 Qd3 37. g5 1-0